[Event "Team 45 45 League T52"]
[Site "Internet Chess Club"]
[Date "2012.03.03"]
[Round "3"]
[White "BotanicalKnight"]
[Black "nanning"]
[Result "0-1"]
[WhiteElo "1498"]
[BlackElo "1571"]
[Opening "Bird's opening"]
[ECO "A03"]
[Time "10:01:38"]
[TimeControl "2700+45"]

1. f4 d5 2. e3 Nf6 3. Nf3 g6 4. d4 Bg7 5. Be2 O-O 6. O-O Nbd7 7. c3 c5 8. Ne5
cxd4 9. exd4 Ne4 10. Nd2 Nxd2 11. Bxd2 Nf6 12. Kh1 Bf5 13. h3 Ne4 14. Kh2 f6 15.
Ng4 Qc7 16. Nf2 e5 17. Nxe4 Bxe4 18. fxe5 fxe5 19. dxe5 Bxe5+ 20. Kh1 Rxf1+ 21.
Qxf1 Rf8 22. Qg1 Qd7 23. Bg4 Qb5 24. b3 h5 25. Bf3 Rxf3 {White resigns} 0-1

[Event "Team 45 45 League T52"]
[Site "Internet Chess Club"]
[Date "2012.03.02"]
[Round "3"]
[White "Terlizzi"]
[Black "ben304"]
[Result "0-1"]
[WhiteElo "1679"]
[BlackElo "1698"]
[Opening "French: Rubinstein variation"]
[ECO "C03"]
[Time "21:30:37"]
[TimeControl "2700+45"]

1. e4 e6 2. d4 d5 3. Nd2 dxe4 4. Nxe4 Nd7 5. Nf3 Ngf6 6. Bd3 Be7 7. O-O O-O 8.
Qe2 b6 9. Ne5 Bb7 10. f4 Nxe4 11. Bxe4 Bxe4 12. Qxe4 Nf6 13. Qf3 Qxd4+ 14. Kh1
Qe4 15. Qc3 Bc5 16. Re1 Qd4 17. Qf3 Qd5 18. Qe2 Rfd8 19. c4 Qd6 20. Qf3 Qf8 21.
f5 exf5 22. Qxf5 Re8 23. Bg5 Re6 24. Rad1 Rae8 25. Bxf6 Rxf6 26. Qg5 Bd6 27. Nd7
Rg6 28. Qxg6 fxg6 29. Nxf8 Rxf8 30. b3 Rf2 31. a4 h6 32. Rb1 g5 33. h3 a5 34.
Re8+ Kf7 35. Rd8 Ke7 36. Rc8 Kd7 37. Rg8 Rf7 38. g4 Ke7 39. Re1+ Kf6 40. Kg2 Rd7
41. Rf1+ Bf4 42. Rf8+ Ke7 43. Rc8 Rd3 44. Re1+ Kd7 45. Rce8 Rxb3 46. R8e7+ Kc6
47. Rxg7 Rg3+ 48. Kf1 Rxh3 49. Rg6+ Kc5 50. Re4 Ra3 51. Rxh6 Rxa4 52. Rf6 Ra1+
53. Ke2 a4 54. Rf5+ Kc6 55. Rfxf4 gxf4 56. Rxf4 a3 57. Rf3 a2 58. Ra3 Rh1 59.
Kf2 a1=Q {White resigns} 0-1

[Event "Team 45 45 League T52"]
[Site "Internet Chess Club"]
[Date "2012.03.03"]
[Round "3"]
[White "portis2"]
[Black "AVEMARIA"]
[Result "1-0"]
[WhiteElo "1554"]
[BlackElo "1614"]
[Opening "QGD Slav: 4.e3"]
[ECO "D11"]
[Time "13:00:48"]
[TimeControl "2700+45"]

1. d4 d5 2. c4 c6 3. Nf3 Nf6 4. e3 Bg4 5. h3 Bh5 6. Nc3 e6 7. Qb3 Qb6 8. g4 Bg6
9. Ne5 Qxb3 10. axb3 Bb4 11. Nxg6 hxg6 12. Bd2 Nbd7 13. g5 Bxc3 14. bxc3 Ne4 15.
f4 Ng3 16. Rh2 Nxf1 17. Kxf1 dxc4 18. bxc4 Nb6 19. Rb1 Rb8 20. Rb4 Kd7 21. h4
Kc7 22. c5 Nd5 23. Rb3 Ne7 24. Be1 Nf5 25. Ke2 Rbd8 26. e4 Ne7 27. Ke3 f5 28. c4
Rb8 29. Rhb2 b6 30. e5 bxc5 31. Ba5+ Kd7 32. Rxb8 cxd4+ 33. Kxd4 c5+ 34. Kxc5
{Black resigns} 1-0

[Event "Team 45 45 League T52"]
[Site "Internet Chess Club"]
[Date "2012.03.02"]
[Round "3"]
[White "whiskeytown"]
[Black "KyleMayhugh"]
[Result "0-1"]
[WhiteElo "1435"]
[BlackElo "1457"]
[Opening "Scotch game"]
[ECO "C45"]
[Time "13:01:45"]
[TimeControl "2700+45"]

1. e4 e5 2. Nf3 Nc6 3. d4 exd4 4. Nxd4 Bc5 5. Nxc6 Qf6 6. Qd2 dxc6 7. Bd3 Be6 8.
O-O O-O-O 9. Qc3 Bd4 10. Qa3 Nh6 11. Nd2 Bg4 12. h3 Bxh3 13. gxh3 Qg5+ 14. Kh1
Ng4 15. Nf3 Qh5 16. Nxd4 Qxh3+ 17. Kg1 Qh2# {White checkmated} 0-1

[Event "Team 45 45 League T52"]
[Site "Internet Chess Club"]
[Date "2012.03.02"]
[Round "3"]
[White "QuimCatala"]
[Black "tightfist"]
[Result "1-0"]
[WhiteElo "1387"]
[BlackElo "1596"]
[Opening "Robatsch defense: Pseudo-Austrian attack"]
[ECO "B07"]
[Time "13:32:10"]
[TimeControl "2700+45"]

1. e4 d6 2. d4 g6 3. Nc3 Bg7 4. f4 e6 5. Nf3 Ne7 6. Be3 O-O 7. h4 d5 8. Bd3 dxe4
9. Bxe4 Nd5 10. Qd2 Nxe3 11. Qxe3 c6 12. h5 f5 13. hxg6 hxg6 14. Bd3 Kf7 15.
Ng5+ Ke7 16. Rh7 Rg8 17. O-O-O Nd7 18. Qxe6+ Kf8 19. Qf7# {Black checkmated} 1-0

[Event "Team 45 45 League T52"]
[Site "Internet Chess Club"]
[Date "2012.03.06"]
[Round "3"]
[White "jkovar"]
[Black "crazyhorses"]
[Result "1-0"]
[WhiteElo "1910"]
[BlackElo "1553"]
[Opening "Ruy Lopez: closed, Breyer, Borisenko variation"]
[ECO "C95"]
[Time "15:00:06"]
[TimeControl "2700+45"]

1. e4 e5 2. Nf3 Nc6 3. Bb5 a6 4. Ba4 Nf6 5. O-O Be7 6. Re1 b5 7. Bb3 d6 8. c3
O-O 9. h3 Nb8 10. d4 Nbd7 11. Nbd2 Bb7 12. Bc2 Re8 13. Nf1 Bf8 14. Ng3 g6 15. d5
c5 16. Nh4 Bg7 17. Nhf5 gxf5 18. Nxf5 Nf8 19. Bh6 Bxh6 20. Nxh6+ Kg7 21. Qd2 Ng6
22. Nf5+ Kh8 23. a4 Qd7 24. Qh6 Rg8 25. axb5 axb5 26. Rxa8 Bxa8 27. Ra1 Bb7 28.
Ra7 Ne8 29. Bd1 Qc7 30. Bh5 Qb6 31. Ra1 c4 32. Kf1 Ng7 33. Bxg6 fxg6 34. Ne7 Ra8
35. Rxa8+ Bxa8 36. Nxg6+ Kg8 37. Ne7+ Kf7 38. Qxh7 Qd8 39. Nf5 Qf6 40. h4 Bb7
41. h5 Bc8 42. h6 Bxf5 43. exf5 e4 44. Qxg7+ Qxg7 45. hxg7 Kxg7 46. Ke2 Kf6 47.
g4 {Black resigns} 1-0

[Event "Team 45 45 League T52"]
[Site "Internet Chess Club"]
[Date "2012.03.03"]
[Round "3"]
[White "Whalen"]
[Black "JMB2009"]
[Result "0-1"]
[WhiteElo "1673"]
[BlackElo "1828"]
[Opening "Grünfeld: exchange variation"]
[ECO "D85"]
[Time "07:30:56"]
[TimeControl "2700+45"]

1. d4 Nf6 2. c4 g6 3. Nc3 d5 4. cxd5 Nxd5 5. e4 Nxc3 6. bxc3 Bg7 7. Rb1 c5 8.
Be3 O-O 9. Nf3 Nc6 10. h3 Qc7 11. Qc1 Rd8 12. d5 Ne5 13. Be2 Nxf3+ 14. Bxf3 e6
15. O-O exd5 16. exd5 Qa5 17. c4 Bf5 18. Rb5 Qxa2 19. Rxc5 Qc2 20. Qxc2 Bxc2 21.
Rc7 a5 22. Rc1 Bd3 23. Rd1 Bc2 24. Rd2 Bb3 25. d6 Be5 26. Bd5 a4 27. Rxf7 Kh8
28. Rxb7 a3 29. Rxb3 a2 30. Rxa2 Rxa2 31. f4 Bf6 32. c5 Rc2 33. Ra3 h5 34. Ra7
Re2 35. Bf2 Rd2 36. Be4 Rxf2 37. Kxf2 Bd4+ 38. Kf3 Bxc5 39. d7 Bxa7 40. Bc6 Kg7
41. g4 hxg4+ 42. hxg4 Bb8 43. f5 g5 44. Ke4 Kf6 45. Kd5 Bc7 46. Ke4 Rh8 47. Bb5
Rh3 48. Be2 Rg3 49. Kd5 Re3 50. Kc6 Rxe2 51. Kxc7 Rc2+ 52. Kd6 Rd2+ 53. Kc7 Ke7
54. f6+ Kxf6 55. d8=Q+ Rxd8 56. Kxd8 Ke5 57. Ke7 Kf4 58. Kf6 Kxg4 59. Kg6 Kf4
60. Kf6 g4 {White resigns} 0-1

[Event "Team 45 45 League T52"]
[Site "Internet Chess Club"]
[Date "2012.03.05"]
[Round "3"]
[White "Hal2001"]
[Black "ElmerHo"]
[Result "1-0"]
[WhiteElo "1672"]
[BlackElo "1478"]
[Opening "Scotch gambit: Dubois-Réti defense"]
[ECO "C55"]
[Time "21:01:52"]
[TimeControl "2700+45"]

1. e4 e5 2. Nf3 Nc6 3. d4 exd4 4. Bc4 Nf6 5. e5 d5 6. Bb5 Ne4 7. Nxd4 Bc5 8. O-O
O-O 9. Bxc6 bxc6 10. Be3 Ba6 11. Nxc6 Qd7 12. Bxc5 Nxc5 13. Qxd5 Qxd5 14. Ne7+
Kh8 15. Nxd5 Bxf1 16. Kxf1 Ne6 17. Nbc3 Rab8 18. b3 Rfe8 19. Ne2 c6 20. Ndc3
Rbd8 21. Ne4 Nd4 22. Nxd4 Rxd4 23. Nd6 Re7 24. Nf5 Red7 25. Nxd4 Rxd4 26. c4 Kg8
27. f3 Kf8 28. Ke2 Ke7 29. Ke3 Rd7 30. f4 Ke6 31. g4 f6 32. exf6 Kxf6 33. Rf1
Re7+ 34. Kd3 c5 35. Rf2 Rd7+ 36. Ke3 Re7+ 37. Kf3 Rd7 38. Re2 Rd3+ 39. Re3 Rd2
40. Re2 Rd3+ 41. Kf2 Rh3 42. Kg2 Rc3 43. Kf2 Rh3 44. Kg2 Rc3 45. Rd2 Re3 46. h4
h6 47. g5+ hxg5 48. fxg5+ Kg6 49. Rd5 Re2+ 50. Kg3 Rxa2 51. Rxc5 Rb2 52. Rb5 a6
53. Rb6+ Kf7 54. c5 a5 55. c6 Ke7 56. Kf4 a4 57. Rb7+ Kd6 58. bxa4 Rxb7 59. cxb7
Kc7 60. Kf5 Kxb7 61. Kg6 {Black resigns} 1-0

[Event "Team 45 45 League T52"]
[Site "Internet Chess Club"]
[Date "2012.03.06"]
[Round "3"]
[White "KnightDwarf"]
[Black "JPB2010"]
[Result "1-0"]
[WhiteElo "1507"]
[BlackElo "1234"]
[Opening "Philidor: Improved Hanham variation"]
[ECO "B07"]
[Time "17:00:16"]
[TimeControl "2700+45"]

1. d4 d6 2. e4 Nf6 3. Nc3 Nbd7 4. Nf3 e5 5. Bg5 Be7 6. dxe5 Nxe5 7. Bxf6 Bxf6 8.
Nd5 Nxf3+ 9. Qxf3 Bxb2 10. Rb1 Be5 11. Bc4 Be6 12. Rxb7 Bxd5 13. Bxd5 O-O 14.
O-O Qd7 15. c4 Qa4 16. Rxc7 Bf6 17. Bxa8 Rxa8 18. e5 dxe5 19. Qxa8+ Qe8 20.
Qxe8# {Black checkmated} 1-0

[Event "Team 45 45 League T52"]
[Site "Internet Chess Club"]
[Date "2012.03.01"]
[Round "3"]
[White "rayonline53"]
[Black "ScotchYeti"]
[Result "1/2-1/2"]
[WhiteElo "1643"]
[BlackElo "1692"]
[Opening "Sicilian: Kan, 5.Nc3"]
[ECO "B43"]
[Time "15:02:51"]
[TimeControl "2700+45"]

1. e4 c5 2. Nf3 e6 3. d4 cxd4 4. Nxd4 a6 5. Nc3 Qc7 6. Be3 Nf6 7. Qd2 Bb4 8. Bd3
Nc6 9. a3 Be7 10. f3 O-O 11. g4 d5 12. exd5 Nxd5 13. Nxd5 Bh4+ 14. Kf1 exd5 15.
Nxc6 bxc6 16. Bg5 Bxg5 17. Qxg5 g6 18. Kg2 f6 19. Qd2 Be6 20. h4 c5 21. h5 g5
22. Bf5 Bxf5 23. Qxd5+ Kg7 24. Qxf5 Rad8 25. Rad1 Qb6 26. Rd7+ Rxd7 27. Qxd7+
Rf7 28. h6+ Kg8 29. Qe8+ Rf8 30. Qe7 Rf7 31. Qe8+ {Game drawn by mutual
agreement} 1/2-1/2

[Event "Team 45 45 League T52"]
[Site "Internet Chess Club"]
[Date "2012.02.29"]
[Round "3"]
[White "cBishop"]
[Black "nursey"]
[Result "1-0"]
[WhiteElo "1650"]
[BlackElo "1585"]
[Opening "Ruy Lopez: closed (10...c5)"]
[ECO "C96"]
[Time "11:13:34"]
[TimeControl "2700+45"]

1. e4 e5 2. Nf3 Nc6 3. Bb5 a6 4. Ba4 Nf6 5. O-O Be7 6. Re1 b5 7. Bb3 d6 8. c3
O-O 9. h3 Na5 10. Bc2 c5 11. d4 cxd4 12. cxd4 exd4 13. Nxd4 d5 14. e5 Nd7 15.
Nc3 Nc4 16. Nc6 Qe8 17. Qxd5 Ndb6 18. Qe4 g6 19. Nxe7+ Qxe7 20. Bb3 Bf5 21. Qf4
Rad8 22. Qh6 f6 23. Be3 Kh8 24. Bxb6 Nxb6 25. exf6 Qxf6 26. Qf4 Rd4 27. Qe5 Qxe5
28. Rxe5 Rd2 29. f3 Rxb2 30. Ne4 Bxe4 31. Rxe4 Rd2 32. Re6 Rb8 33. Rc1 Kg7 34.
Rc7+ Kh6 35. Kh2 a5 36. Ree7 Rh8 37. h4 Nd5 38. Bxd5 Rxd5 39. Ra7 b4 40. g4 Rd4
41. g5+ Kh5 42. Rxh7+ Rxh7 43. Rxh7# {Black checkmated} 1-0

[Event "Team 45 45 League T52"]
[Site "Internet Chess Club"]
[Date "2012.03.06"]
[Round "3"]
[White "Giacometti"]
[Black "elessar"]
[Result "1-0"]
[WhiteElo "1668"]
[BlackElo "1597"]
[Opening "Bird's opening"]
[ECO "A03"]
[Time "18:00:04"]
[TimeControl "2700+45"]

1. f4 d5 2. Nf3 Nf6 3. g3 e6 4. Bg2 Bc5 5. e3 Nbd7 6. O-O b6 7. c3 Bb7 8. b4 Be7
9. Ne5 c5 10. b5 Qc7 11. d4 c4 12. Ba3 Bxa3 13. Nxa3 O-O 14. Nc2 Ne4 15. Bxe4
Nxe5 16. fxe5 dxe4 17. Qg4 Qd7 18. a4 a6 19. Na3 axb5 20. Nxb5 Bc6 21. Nd6 Rxa4
22. Rxa4 Bxa4 23. Nxe4 Kh8 24. Qh5 Bc2 25. Nd6 Bg6 26. Qf3 Qc7 27. h4 Kg8 28. h5
Bd3 29. Rf2 Qe7 30. h6 gxh6 31. e4 Qg5 32. Kh2 Qg6 33. Rb2 Rb8 34. Rf2 Rf8 35.
Ra2 Kg7 36. Ra7 h5 37. Qf4 b5 38. Rb7 Bc2 39. d5 exd5 40. exd5 Qh6 41. Rxf7+
Rxf7 42. Qxf7+ Kh8 43. Qf2 h4 44. Nf7+ {Black resigns} 1-0

[Event "Team 45 45 League T52"]
[Site "Internet Chess Club"]
[Date "2012.03.04"]
[Round "3"]
[White "cepheid"]
[Black "Kristian1974"]
[Result "1-0"]
[WhiteElo "1581"]
[BlackElo "1632"]
[Opening "Alekhine's defense: exchange variation"]
[ECO "B02"]
[Time "14:00:51"]
[TimeControl "2700+45"]

1. e4 Nf6 2. e5 Nd5 3. c4 Nb6 4. d4 d6 5. exd6 exd6 6. b3 Nc6 7. Bb2 d5 8. Nf3
Bg4 9. c5 Nc8 10. Be2 g6 11. Ne5 Bxe2 12. Qxe2 Qe7 13. Nxc6 Qxe2+ 14. Kxe2 bxc6
15. Bc1 Bg7 16. Re1 Kd7 17. Kd3 Ne7 18. Nd2 Nf5 19. Nf3 Rhe8 20. Ne5+ Bxe5 21.
Rxe5 Re6 22. g3 Rae8 23. Bf4 f6 24. Rxe6 Rxe6 25. Be3 Nxe3 26. fxe3 Re4 27. Rf1
Ke6 28. Ke2 f5 29. Rf4 Kf6 30. b4 Re8 31. Rf1 Rb8 32. a3 Rb5 33. g4 a5 34. gxf5
gxf5 35. Rb1 axb4 36. axb4 Kg5 37. Kf3 h5 38. Rb2 Rb8 39. Rg2+ Kh6 40. Kf4 Rxb4
41. Kxf5 Rb3 42. Rg6+ Kh7 43. Rxc6 Rxe3 44. Rxc7+ Kg8 45. Kg6 Kf8 46. Kxh5 Rh3+
47. Kg6 Rxh2 48. Rd7 Ke8 49. Rxd5 Rg2+ 50. Kf6 Ra2 51. Ke6 Re2+ 52. Kd6 Kd8 53.
Kc6+ Kc8 54. Re5 Rxe5 55. dxe5 Kd8 56. Kb7 {Black resigns} 1-0

[Event "Team 45 45 League T52"]
[Site "Internet Chess Club"]
[Date "2012.03.11"]
[Round "3"]
[White "frontier"]
[Black "koni"]
[Result "1/2-1/2"]
[WhiteElo "1999"]
[BlackElo "1904"]
[Opening "English opening"]
[ECO "A13"]
[Time "13:00:28"]
[TimeControl "2700+45"]

1. c4 e6 2. Nc3 f5 3. g3 Nf6 4. Bg2 d5 5. cxd5 exd5 6. Nf3 Bd6 7. O-O O-O 8. d3
Nc6 9. Bg5 Be6 10. Nd2 Bc5 11. Rc1 Bb6 12. a3 h6 13. Bxf6 Rxf6 14. b4 Ne7 15.
Na4 c6 16. Nxb6 axb6 17. a4 f4 18. Nf3 Qd6 19. Rb1 Ng6 20. a5 b5 21. Qd2 Ne5 22.
Nxe5 Qxe5 23. d4 Qd6 24. Rb3 Raf8 25. gxf4 Qxf4 26. Qxf4 Rxf4 27. e3 Rh4 28. Rc3
Bd7 29. Ra1 Rf6 30. f4 Rg6 31. Kh1 Kf7 32. a6 bxa6 33. Rxa6 Rhg4 34. Ra2 Ke7 35.
Rc1 Rh4 36. Ra6 Re6 37. Ra3 Kd6 38. Bf3 Re7 39. Rg1 Bf5 40. Rg3 Bc2 {Game drawn
by mutual agreement} 1/2-1/2

[Event "Team 45 45 League T52"]
[Site "Internet Chess Club"]
[Date "2012.03.05"]
[Round "3"]
[White "poni"]
[Black "spunni"]
[Result "0-1"]
[WhiteElo "1869"]
[BlackElo "1972"]
[Opening "Queen's pawn game"]
[ECO "D04"]
[Time "13:02:54"]
[TimeControl "2700+45"]

1. d4 d5 2. Nf3 Nf6 3. e3 Bf5 4. Bd3 Bxd3 5. cxd3 e6 6. O-O c5 7. b3 Nc6 8. Bb2
Be7 9. Ne5 Nxe5 10. dxe5 Nd7 11. Nd2 O-O 12. f4 f5 13. g4 Rc8 14. g5 Qb6 15. Rf3
Rfd8 16. Qe2 Qc6 17. h4 b5 18. h5 c4 19. bxc4 dxc4 20. dxc4 bxc4 21. Rc1 Nb6 22.
Bd4 Bc5 23. Nb3 Ba3 24. Rc2 Qe4 25. Na5 Bc5 26. Nxc4 Bxd4 27. exd4 Qxe2 {White
resigns} 0-1

[Event "Team 45 45 League T52"]
[Site "Internet Chess Club"]
[Date "2012.03.03"]
[Round "3"]
[White "bogolijubov"]
[Black "expectnomercy"]
[Result "1/2-1/2"]
[WhiteElo "1806"]
[BlackElo "1796"]
[Opening "Ruy Lopez: classical (Cordel) defense"]
[ECO "C64"]
[Time "12:16:18"]
[TimeControl "2700+45"]

1. e4 e5 2. Nf3 Nc6 3. Bb5 Bc5 4. O-O Nge7 5. Nxe5 Bxf2+ 6. Rxf2 Nxe5 7. Qh5
N5g6 8. d4 O-O 9. Nc3 d6 10. Be3 c6 11. Bc4 Be6 12. Bxe6 fxe6 13. Rxf8+ Qxf8 14.
Rf1 Qe8 15. d5 {Game drawn by mutual agreement} 1/2-1/2

[Event "Team 45 45 League T52"]
[Site "Internet Chess Club"]
[Date "2012.03.05"]
[Round "3"]
[White "pkktet"]
[Black "CapitanTrueno"]
[Result "1/2-1/2"]
[WhiteElo "1840"]
[BlackElo "1820"]
[Opening "Ruy Lopez: exchange, Gligoric variation"]
[ECO "C69"]
[Time "11:02:06"]
[TimeControl "2700+45"]

1. e4 e5 2. Nf3 Nc6 3. Bb5 a6 4. Bxc6 dxc6 5. O-O f6 6. d4 exd4 7. Nxd4 c5 8.
Nb3 Qxd1 9. Rxd1 Bg4 10. f3 Bd7 11. Nc3 O-O-O 12. a4 b6 13. a5 c4 14. Nd4 {Game
drawn by mutual agreement} 1/2-1/2

[Event "Team 45 45 League T52"]
[Site "Internet Chess Club"]
[Date "2012.03.05"]
[Round "3"]
[White "Kueh"]
[Black "Heraclito"]
[Result "0-1"]
[WhiteElo "1953"]
[BlackElo "2099"]
[Opening "French: Tarrasch, closed variation, main line"]
[ECO "C06"]
[Time "12:00:27"]
[TimeControl "2700+45"]

1. e4 e6 2. d4 d5 3. Nd2 Nf6 4. e5 Nfd7 5. Bd3 c5 6. c3 Nc6 7. Ne2 cxd4 8. cxd4
f6 9. exf6 Nxf6 10. Nf3 Bd6 11. O-O Qc7 12. Bg5 O-O 13. Rc1 h6 14. Bh4 Nh5 15.
Bg3 Nxg3 16. Nxg3 a6 17. Re1 Qf7 18. Bb1 g5 19. Rc2 Bd7 20. Ne5 Nxe5 21. dxe5
Bc5 22. Rf1 Rac8 23. Nh5 Be7 24. f4 Rxc2 25. Qxc2 Rc8 26. Qg6+ Qxg6 27. Bxg6 Bb5
28. Rd1 Be2 29. Re1 Bc5+ 30. Kh1 Bf2 31. Rb1 Bxh5 32. Bxh5 gxf4 33. g3 fxg3 34.
hxg3 Be3 35. b4 Rc1+ 36. Rxc1 Bxc1 37. Be8 Ba3 38. Kg2 Bb2 39. Bd7 Kf7 40. Bc8
b6 41. Bxa6 Bxe5 42. a4 Bc3 43. a5 bxa5 44. bxa5 Bxa5 45. Kf3 e5 46. Bd3 Bd2 47.
Bc2 Bg5 48. g4 Ke6 49. Bf5+ Kd6 50. Bg6 Kc5 51. Bf5 Kd4 52. Bg6 e4+ 53. Ke2 Ke5
54. Be8 Kf4 55. Bf7 d4 56. Bg6 d3+ 57. Kd1 Ke3 58. Ke1 Kd4 59. Kf2 e3+ 60. Kf3
Kc3 61. Bf5 e2 {White resigns} 0-1

[Event "Team 45 45 League T52"]
[Site "Internet Chess Club"]
[Date "2012.03.03"]
[Round "3"]
[White "The7thGuest"]
[Black "primerpaso"]
[Result "1/2-1/2"]
[WhiteElo "2044"]
[BlackElo "1918"]
[Opening "Sicilian"]
[ECO "B50"]
[Time "14:04:56"]
[TimeControl "2700+45"]

1. e4 c5 2. Nf3 d6 3. c3 Nc6 4. d4 cxd4 5. cxd4 Nf6 6. Nc3 e6 7. d5 exd5 8. exd5
Ne5 9. Nxe5 dxe5 10. Bc4 Bd6 11. O-O h6 12. Nb5 O-O 13. Nxd6 Qxd6 14. a4 Rd8 15.
b3 Bf5 16. Ba3 Qd7 17. d6 a6 18. a5 Rac8 19. Re1 e4 20. Qd4 Be6 21. Red1 Rc6 22.
Rac1 Kh8 23. Bxe6 fxe6 24. Rxc6 Qxc6 25. Rc1 Qb5 26. Qb6 Qxb6 27. axb6 Ne8 28.
Rd1 Kg8 29. Kf1 Kf7 30. Rc1 Nxd6 31. Rc7+ Kf6 32. Bxd6 Rxd6 33. Rxb7 Rd1+ 34.
Ke2 Rb1 35. Ke3 Ke5 36. Rxg7 Rxb3+ 37. Ke2 Rxb6 38. Rg6 h5 39. Rg5+ Kd4 40. Rxh5
Rb2+ 41. Ke1 Rb1+ 42. Ke2 Rb2+ 43. Ke1 Rb1+ 44. Ke2 Rb2+ 45. Ke1 Rb1+ 46. Ke2
Rb2+ 47. Ke1 {Game drawn by repetition} 1/2-1/2

[Event "Team 45 45 League T52"]
[Site "Internet Chess Club"]
[Date "2012.03.04"]
[Round "3"]
[White "CaoCao"]
[Black "Beetlejuice"]
[Result "1-0"]
[WhiteElo "1873"]
[BlackElo "1821"]
[Opening "Sicilian: Pelikan, Chelyabinsk variation"]
[ECO "B33"]
[Time "08:02:10"]
[TimeControl "2700+45"]

1. e4 c5 2. Nf3 Nc6 3. d4 cxd4 4. Nxd4 Nf6 5. Nc3 e5 6. Ndb5 d6 7. Bg5 a6 8. Na3
b5 9. Nd5 Be7 10. Nxe7 Nxe7 11. Bd3 O-O 12. O-O d5 13. Bxf6 gxf6 14. exd5 Qxd5
15. c4 Qd4 16. Nc2 Qb6 17. cxb5 axb5 18. Qe2 Bd7 19. Nb4 Rfd8 20. Rfd1 Rab8 21.
Rac1 Kh8 22. Qh5 f5 23. Qxf7 Re8 24. Bf1 Qe6 25. Qxe6 Bxe6 26. Rc5 Red8 27.
Rxd8+ Rxd8 28. Rxe5 Rd6 29. Re1 Rb6 30. f4 Kg7 31. g3 Kf6 32. Re5 Bd7 33. Rxe7
{Black resigns} 1-0

[Event "Team 45 45 League T52"]
[Site "Internet Chess Club"]
[Date "2012.03.03"]
[Round "3"]
[White "TerryMalloy"]
[Black "ferrari9182"]
[Result "1-0"]
[WhiteElo "2038"]
[BlackElo "1935"]
[Opening "King's Indian: Four pawns attack, main line"]
[ECO "E79"]
[Time "21:00:49"]
[TimeControl "2700+45"]

1. d4 Nf6 2. c4 g6 3. Nc3 Bg7 4. e4 d6 5. Be2 O-O 6. f4 c5 7. Nf3 cxd4 8. Nxd4
Nc6 9. Be3 Qa5 10. O-O a6 11. Qd2 Ng4 12. Nxc6 bxc6 13. Nd5 Qxd2 14. Nxe7+ Kh8
15. Bxd2 Bd7 16. Rab1 Rfe8 17. Bxg4 Bxg4 18. Nxc6 Rxe4 19. b3 Re2 20. Rf2 Rae8
21. Bb4 Bd7 22. Rxe2 Rxe2 23. Nb8 Bd4+ 24. Kh1 Bf5 25. Rd1 Rxa2 26. h3 Bc5 27.
Bc3+ Kg8 28. b4 Be3 29. Re1 {Black resigns} 1-0

[Event "Team 45 45 League T52"]
[Site "Internet Chess Club"]
[Date "2012.03.05"]
[Round "3"]
[White "bobhill"]
[Black "JeremyWa"]
[Result "1-0"]
[WhiteElo "1766"]
[BlackElo "1721"]
[Opening "Queen's pawn: Torre attack"]
[ECO "A46"]
[Time "22:23:49"]
[TimeControl "2700+45"]

1. d4 Nf6 2. Nf3 e6 3. Bg5 c5 4. c3 d5 5. e3 Nbd7 6. Bd3 Be7 7. O-O b6 8. Nbd2
Bb7 9. Qe2 O-O 10. Ne5 Nxe5 11. dxe5 Nd7 12. Bxe7 Qxe7 13. f4 f6 14. Qh5 g6 15.
Qh4 Qg7 16. exf6 Qxf6 17. Qh3 Qe7 18. e4 e5 19. f5 gxf5 20. Rxf5 Rxf5 21. Qxf5
Rf8 22. Qg4+ Kh8 23. Rf1 Rxf1+ 24. Kxf1 c4 25. Bc2 Nf6 26. Qf5 b5 27. g4 Qf8 28.
Qxe5 Kg8 29. Ke2 dxe4 30. Nxe4 Nd5 31. Ke1 h6 32. Ng3 Nf4 33. Nf5 Ng2+ 34. Kf2
Nh4 35. Qe6+ Kh8 36. Qxh6+ {Black resigns} 1-0

[Event "Team 45 45 League T52"]
[Site "Internet Chess Club"]
[Date "2012.03.04"]
[Round "3"]
[White "bondguy01"]
[Black "ChessAuthor"]
[Result "1/2-1/2"]
[WhiteElo "1658"]
[BlackElo "1700"]
[Opening "Alekhine's defense: modern variation, 4...Bg4"]
[ECO "B05"]
[Time "18:00:26"]
[TimeControl "2700+45"]

1. e4 Nf6 2. e5 Nd5 3. d4 d6 4. Nf3 Bg4 5. Be2 Nc6 6. O-O g6 7. e6 fxe6 8. Ng5
Bxe2 9. Qxe2 Qd7 10. Nxe6 Nd8 11. Nxf8 Rxf8 12. c4 Nf6 13. Bh6 Nf7 14. Bxf8 Kxf8
15. Nc3 a6 16. Rfe1 Re8 17. Qe6 Qxe6 18. Rxe6 Ng5 19. Re2 c6 20. Rae1 h5 21. f4
Nf7 22. Ne4 Nxe4 23. Rxe4 Nh6 24. g3 b6 25. Kg2 Ng4 26. h3 Nf6 27. Re6 Kf7 28.
Kf3 Nd7 29. g4 hxg4+ 30. hxg4 Nf8 31. R6e2 Kf6 32. d5 cxd5 33. cxd5 Nd7 34. b4
b5 35. Re6+ Kf7 36. Rh1 Nf6 37. Rxf6+ Kxf6 38. Rc1 Rh8 39. Kg3 Ra8 40. a3 a5 41.
Rc3 {Game drawn by mutual agreement} 1/2-1/2

[Event "Team 45 45 League T52"]
[Site "Internet Chess Club"]
[Date "2012.03.04"]
[Round "3"]
[White "ice-cream"]
[Black "losscause"]
[Result "1-0"]
[WhiteElo "1767"]
[BlackElo "1618"]
[Opening "Sicilian: Pelikan (Lasker/Sveshnikov) variation"]
[ECO "B33"]
[Time "22:30:22"]
[TimeControl "2700+45"]

1. e4 c5 2. Nf3 Nc6 3. d4 cxd4 4. Nxd4 Nf6 5. Nc3 e5 6. Ndb5 d6 7. Bg5 a6 8. Na3
h6 9. Bxf6 Qxf6 10. Nd5 Qd8 11. Nc4 Be6 12. c3 Bxd5 13. Qxd5 Qc7 14. Be2 Be7 15.
Ne3 g6 16. h4 Qa5 17. Qb3 b5 18. h5 g5 19. Qd5 Qb6 20. Nf5 Rd8 21. a4 b4 22. a5
Qb7 23. Ng7+ Kf8 24. Bc4 Bf6 25. Nf5 Qc7 26. Bxa6 bxc3 27. bxc3 Ne7 28. Qc4 Qxc4
29. Bxc4 Nxf5 30. exf5 Rc8 31. Bd5 Rc7 32. a6 e4 33. Ke2 Ra7 34. Rhc1 Kg7 35.
Bxe4 Rc8 36. Kd3 Kf8 37. Bb7 Rc5 38. g4 Ke7 39. Ra4 Rb5 40. Rb4 Rc5 41. Rc4 Kd7
42. Rxc5 dxc5 43. Kc4 Be7 44. Kb5 Kc7 45. Re1 Bd6 46. Re8 Rxb7+ 47. axb7 Kxb7
48. Rh8 Kc7 49. Rxh6 Kd7 50. Rxd6+ Kxd6 51. h6 Ke5 52. h7 f6 53. h8=Q c4 54.
Qh2+ Ke4 55. Kxc4 Kf3 56. Qg3+ Ke2 57. Kd4 Kf1 58. f3 Ke2 59. c4 Kf1 60. Qh2
{Black resigns} 1-0

[Event "Team 45 45 League T52"]
[Site "Internet Chess Club"]
[Date "2012.03.05"]
[Round "3"]
[White "HomerSimpson"]
[Black "SaltofLife"]
[Result "1-0"]
[WhiteElo "2077"]
[BlackElo "1908"]
[Opening "Polish: Outflank variation"]
[ECO "A00"]
[Time "15:03:25"]
[TimeControl "2700+45"]

1. b4 c6 2. Bb2 Qb6 3. a3 a5 4. c4 axb4 5. c5 Qc7 6. axb4 Rxa1 7. Bxa1 d6 8. Nf3
Na6 9. cxd6 exd6 10. b5 Nb8 11. e3 Nd7 12. Qc2 d5 13. bxc6 bxc6 14. Bb5 Bb7 15.
O-O Ngf6 16. Rc1 Qa5 17. Bxc6 Bxc6 18. Bxf6 gxf6 19. Qxc6 Bb4 20. Qb7 Ke7 21.
Nd4 Kd6 22. Nc6 Bxd2 23. Nxa5 Bxc1 24. Qc6+ {Black resigns} 1-0

[Event "Team 45 45 League T52"]
[Site "Internet Chess Club"]
[Date "2012.03.04"]
[Round "3"]
[White "ddlj81"]
[Black "creditordebit"]
[Result "0-1"]
[WhiteElo "1837"]
[BlackElo "1791"]
[Opening "Sicilian: dragon, Yugoslav attack, 10.O-O-O"]
[ECO "B78"]
[Time "14:02:54"]
[TimeControl "2700+45"]

1. e4 c5 2. Nf3 d6 3. d4 cxd4 4. Nxd4 Nf6 5. Nc3 g6 6. Be3 Bg7 7. f3 Nc6 8. Qd2
O-O 9. O-O-O Bd7 10. Bc4 Rc8 11. Bb3 Ne5 12. h4 h5 13. Kb1 Nc4 14. Bxc4 Rxc4 15.
g4 hxg4 16. h5 Nxh5 17. Rxh5 gxh5 18. Nf5 Bxf5 19. exf5 Qa5 20. Bh6 Qxf5 21. Nd5
Qe5 22. Bxg7 Kxg7 23. fxg4 hxg4 24. b3 Re4 25. Nc3 Re3 26. Nd5 Re2 27. Qb4 Qe4
28. Qc3+ Qe5 29. Qb4 f5 30. Nf4 Re4 31. Nh5+ Kg6 32. Qd2 Kxh5 33. Rh1+ Kg6 34.
Qh6+ Kf7 35. Qh5+ Ke6 36. Qg6+ Kd7 {White resigns} 0-1